 Dungeon Crawl Stone Soup version 0.24.0-37-gcf1ca852f1 (webtiles) character file.

Game seed: 13048554295887187355, levelgen mode: deterministic

41 Descartes the Ducker (level 3, -1/17 HPs)
             Began as a Felid Monk on Dec 1, 2019.
             Slain by Terence
             ... wielding a +0 mace of protection
              (7 damage)
             ... on level 2 of the Dungeon.
             The game lasted 00:04:56 (1554 turns).

Descartes the Ducker (Felid Monk)                   Turns: 1554, Time: 00:04:57

Health: -1/17      AC:  1    Str:  8    XL:     3   Next: 32%
Magic:  4/4        EV: 20    Int: 11    God:
Gold:   92         SH:  0    Dex: 18    Spells: 2/2 levels left
                                        Lives:  0   Deaths: 1

rFire    . . .     SeeInvis +     - Unarmed
rCold    + . .     Gourm    .   (shield unavailable)
rNeg     + . .     Faith    .   (armour unavailable)
rPois    .         Spirit   .   (helmet unavailable)
rElec    .         Reflect  .   (cloak unavailable)
rCorr    .         Harm     .   (gloves unavailable)
MR       .....                  (boots unavailable)
Stlth    +++.......             (no amulet)
HPRegen  0.05/turn              g - ring of protection from cold
MPRegen  0.09/turn              m - ring of positive energy

@: quick
A: very small, no armour, no weapons or thrown items, stealth, claws 1, fangs 3,
see invisible, carnivore, speed 1, shaggy fur 1, slow metabolism 1, sharp paws
a: no special abilities


You were on level 2 of the Dungeon.
You were very full.

You visited 1 branch of the dungeon, and saw 2 of its levels.

You collected 92 gold pieces.

Inventory:

Missiles
 e - 37 arrows
Jewellery
 g - a ring of protection from cold (left paw)
 m - a ring of positive energy (right paw)
Scrolls
 b - 5 scrolls of identify {unknown}
 h - a scroll of blinking {unknown}
 j - a scroll of fog {unknown}
 k - a scroll of fear {unknown}
Potions
 c - 2 potions of curing {unknown}
 f - a potion of might {unknown}
 i - a potion of mutation {unknown}
 l - 2 potions of agility {unknown}
Comestibles
 a - 5 rations


   Skills:
 + Level 3.4 Fighting
 + Level 4.6 Dodging
 * Level 4.4 Stealth
 * Level 3.8 Unarmed Combat


You had 2 spell levels left.
You didn't know any spells.
Your spell library was empty.

Dungeon Overview and Level Annotations

Branches:
Dungeon (2/15)

Altars:
Ru
Zin

Annotations:
D:2 Terence


Innate Abilities, Weirdness & Mutations

You cannot wear armour.
You are incapable of wielding weapons or throwing items.
Your paws allow you to move quietly. (Stealth)
You have sharp claws.
You have razor-sharp teeth.
You have supernaturally acute eyesight. (SInv)
You are carnivorous and can eat meat at any time.
You cover ground quickly.
You are covered in fur. (AC +1)
You have a slow metabolism.
Your sharp claws are effective at attacking unaware monsters.


Message History

You scratch Terence.
Terence is heavily wounded.
You scratch Terence but do no damage.
Terence is heavily wounded.
Terence hits you with a +0 mace of protection.
You scratch Terence. Your bite misses Terence.
Terence is severely wounded.
Terence hits you with a +0 mace of protection.
You scratch Terence but do no damage.
Terence is severely wounded.
Terence closely misses you.
You barely miss Terence. You bite Terence, but do no damage.
Terence is severely wounded.
You closely miss Terence.
Terence is severely wounded.
Terence barely misses you.
You barely miss Terence.
Terence is severely wounded.
Terence hits you with a +0 mace of protection!
You die...

#...####......###.##....##..#####
#..## #......# #..##...........#
#..# #......# ##..##...........
...# #......# ##..#...........
#..# #....(.# ##.##.#.#####..
#.># #......# #.......# #.. #..#
#......### ####.#### #.. #..#
#........### ###.# ### ...#
########@@.###...# ...#
###.....### #### #######


You could see Terence.

Vanquished Creatures
  Jessica (D:2)
  2 oozes
  4 worms (D:2)
  A dart slug (D:1)
  A leopard gecko (D:1)
  9 bats
  5 giant cockroaches
  5 goblins
  4 hobgoblins (D:1)
  A ball python (D:1)
  4 frilled lizards (D:1)
  A kobold (D:1)
  2 rats (D:1)
40 creatures vanquished.

Notes
Turn   | Place    | Note
-------+----------+-------------------------------------------
     0 | D:1      | Descartes the Felid Monk began the quest for the Orb.
     0 | D:1      | Reached XP level 1. HP: 10/10 MP: 2/2
   180 | D:1      | Reached XP level 2. HP: 14/14 MP: 3/3
   566 | D:1      | Reached XP level 3. HP: 17/17 MP: 4/4
   842 | D:2      | Found a faded altar of an unknown god.
  1036 | D:2      | Found a sacrificial altar of Ru.
  1074 | D:2      | Noticed Jessica
  1078 | D:2      | Killed Jessica
  1078 | D:2      | Reached XP level 4. HP: 21/21 MP: 5/5
  1347 | D:2      | Found a glowing silver altar of Zin.
  1395 | D:2      | Noticed Terence
  1419 | D:2      | Slain by Terence
  1420 | D:2      | Reached XP level 3. HP: 0/17 MP: 4/4
  1554 | D:2      | Slain by Terence

Levels and vault maps discovered:
D:1:      onia_arrival_larder, layout_basic, minmay_pentomino_s2
D:2:      layout_rooms, nicolae_ru_sacrificial_ziggurat, old_standard_altar,
          chequers_ecumenical_altar_simple, first_ration, uniq_jessica,
          uniq_terence

Skill      XL: |  1  2  3 |
---------------+----------+-----
Stealth        | 3 4 |  4.4
Fighting       | |  3.4
Dodging        | |  4.6
Unarmed Combat | |  3.8

Action                   |  1- 3 |  4- 6 || total
-------------------------+-------+-------++-------
Melee: Unarmed           |   103 |    25 ||   128
       Bite              |    14 |     3 ||    17
       Punch             |     2 |       ||     2
 Stab: Sleeping          |    10 |       ||    10
  Eat: Chunk             |    13 |       ||    13
Armor: Skin              |     8 |       ||     8
Dodge: Dodged            |    97 |    16 ||   113
